 Dungeon Crawl Stone Soup version 0.29.1-1-gd02db6906a (webtiles) character file.

Game seed: 13518667503768341686

189 NinjaNoafa the Chopper (level 5, -40/48 HPs)
             Began as a Minotaur Monk on Oct 10, 2022.
             Killed by an exploding phantom (52 damage)
             ... ignited by their inner flame
             ... on level 4 of the Dungeon.
             The game lasted 00:02:40 (1701 turns).

NinjaNoafa the Chopper (Minotaur Monk)              Turns: 1701, Time: 00:02:40

Health: -40/48     AC: 11    Str: 18    XL:     5   Next: 40%
Magic:  4/4        EV: 10    Int:  7    God:
Gold:   85         SH:  0    Dex: 12    Spells: 4/4 levels left

rFire   . . .      SeeInvis .   a - +0 hand axe
rCold   . . .      Faith    .   (no shield)
rNeg    . . .      Spirit   .   e - +0 scale mail
rPois   .          Reflect  .   (helmet restricted)
rElec   .          Harm     .   (no cloak)
rCorr   .          Rampage  .   m - +2 pair of gloves
Will    .....                   l - +0 pair of boots
Stlth   ..........              (no amulet)
HPRegen 0.16/turn               (no ring)
MPRegen 0.09/turn               (no ring)

@: mighty
A: horns 2, retaliatory headbutt
a: no special abilities


You were on level 4 of the Dungeon.
You visited 1 branch of the dungeon, and saw 6 of its levels.

You collected 85 gold pieces.

Inventory:

Hand Weapons
 a - a +0 hand axe (weapon)
Missiles
 j - 7 stones (quivered)
Armour
 e - a +0 scale mail (worn)
 l - a +0 pair of boots (worn)
 m - a +2 pair of gloves (worn)
Scrolls
 g - 9 scrolls of identify {unknown}
 k - 3 scrolls of teleportation {unknown}
 q - a scroll of poison {unknown}
Potions
 f - a potion of flight {unknown}
 h - a potion of attraction {unknown}
 n - 3 potions of lignification {unknown}
 o - a potion of curing {unknown}
 p - a potion of heal wounds {unknown}
 r - a potion of degeneration {unknown}


   Skills:
 - Level 5.0 Fighting
 + Level 5.7 Axes
 - Level 3.0 Armour
 - Level 3.2 Dodging
 - Level 1.5 Stealth


You had 4 spell levels left.
You didn't know any spells.
Your spell library contained the following spells:

 Spells                   Type           Power      Damage    Failure   Level
 Beastly Appendage        Tmut           0%         N/A       82%         1
 Wereblood                Tmut           0%         N/A       91%         2
 Frozen Ramparts          Ice            0%         1d1       99%         3
 Spider Form              Tmut/Pois      0%         N/A       99%         3
 Ice Form                 Ice/Tmut       0%         N/A       100%        4
 Summon Ice Beast         Ice/Summ       0%         N/A       100%        4


Dungeon Overview and Level Annotations

Branches:
Dungeon (6/15)
 Temple: D:4-7

Altars:
Dithmenos
Okawaru


Innate Abilities, Weirdness & Mutations

You have a pair of horns on your head.
You reflexively headbutt those who attack you in melee.


Message History

You blink.
Something loses its grip on you.
Something bites your giant cockroach but does no damage.
Something barely misses your giant cockroach.
As you read the scroll labelled EXTIVV AMAS, it crumbles to dust.
It is a scroll of enchant armour.
Your +0 pair of gloves glows green for a moment.
The phantom hits you.
As you read the scroll of enchant armour, it crumbles to dust.
Your +1 pair of gloves glows green for a moment.
Your giant cockroach barely misses the ball python.
The phantom hits you.
As you read the scroll labelled LYNUOTUBRAFF, it crumbles to dust.
The creatures around you are filled with an inner flame!
It was a scroll of immolation.
The phantom hits you.
The phantom blinks!
You blink.
Found an escape hatch in the floor.
The phantom attacks as you move away!
The phantom hits you but does no damage.
The ball python barely misses you. x2
The phantom attacks as you move away!
The phantom hits you but does no damage.
Throw: 7 stones
Press: ? - help, Q - select action Shift-Dir - straight line, f - ball python
Aim: a ball python (inner flame, ally target, 55% to hit)
Okay, then.
It was a potion of might.
You feel very mighty all of a sudden. The ball python barely misses you.
You furiously retaliate!
You headbutt the ball python!
The ball python explodes!
The fiery explosion engulfs the phantom!!
Flame seeps out of the phantom.
The phantom is almost destroyed.
The fiery explosion engulfs you!!
Ouch! That really hurt!
* * * LOW HITPOINT WARNING * * *
The phantom is engulfed in blazing flames.
The phantom explodes!
The fiery explosion engulfs you!!!
Ouch! That really hurt!
You die...

############
#..........#
#.##..≈≈≈..# #
#.≈≈≈≈≈.# ####.
#.≈≈_≈≈.#
.....##.≈≈.≈≈)#
......§§§§.≈≈B#
.....#.§§§.≈≈J#####
##.> ##@§...≈.....#
#. #.≈.8.≈.....# #
#.....).>...#
#........S..#
#.#.........#
#...........#
#......#######
#.....## #...?#


You could see a friendly endoplasm (summoned) and a friendly giant cockroach
(summoned, inner flame).

Vanquished Creatures
  A phantom (D:4)
  3 hounds
  An iguana (D:5)
  A gnoll (D:1)
  2 adders
  A worm (D:2)
  6 bats
  3 endoplasms
  A giant cockroach (D:1)
  9 goblins
  4 hobgoblins
  4 jackals
  A kobold (D:3)
  A quokka (D:3)
  5 ball pythons
  A frilled lizard (D:1)
  4 rats
48 creatures vanquished.

Notes
Turn   | Place    | Note
-------+----------+-------------------------------------------
     0 | D:1      | NinjaNoafa the Minotaur Monk began the quest for the Orb.
     0 | D:1      | Reached XP level 1. HP: 19/19 MP: 0/0
    74 | D:1      | Reached skill level 1 in Armour
   257 | D:1      | Reached XP level 2. HP: 26/26 MP: 1/1
   586 | D:1      | Reached XP level 3. HP: 31/33 MP: 2/2
  1242 | D:2      | Found a shadowy altar of Dithmenos.
  1466 | D:3      | Found a faded altar of an unknown god.
  1559 | D:3      | You fall into a shaft and drop 3 floors!
  1572 | D:6      | Reached XP level 4. HP: 41/41 MP: 3/3
  1595 | D:5      | Entered Level 5 of the Dungeon
  1598 | D:5      | Reached skill level 5 in Fighting
  1606 | D:5      | Reached skill level 5 in Axes
  1606 | D:5      | Reached XP level 5. HP: 42/48 MP: 4/4
  1682 | D:4      | Noticed a phantom
  1682 | D:4      | Found an iron altar of Okawaru.
  1701 | D:4      | Killed a phantom
  1701 | D:4      | Killed by an exploding phantom... ignited by their inner
                  | flame

Illustrated notes

Levels and vault maps discovered:
D:1:      ncdulo_halloftheorcs, layout_basic
D:2:      layout_loops_cross, basic_altar
D:3:      layout_rooms, mainiacjoe_overflow_cross_hatched,
          basic_ecumenical_altar, cheibrodos_gnoll_hut, uniq_terence,
          uniq_grinder
D:4:      minmay_general_purpose_star, layout_rooms,
          mainiacjoe_overflow_catwalk, nicolae_wu_jian_glorious_leap,
          minmay_temple_entry_gardened_gates, portal_sewer_entry_b,
          gammafunk_ghost_smash, minmay_misc_feat_nine_boxes,
          uniq_crazy_yiuf_cottage
D:5:      layout_loops_corners, nicolae_zen_rock_garden, st_stairs_7,
          minmay_misc_feat_rugged, kennysheep_nub, kennysheep_windowed_goal,
          uniq_eustachio
D:6:      layout_basic, serial_bayou_pond_b, grunt_decor_one_mirror, uniq_edmund

Skill      XL: |  1  2  3  4 |
---------------+-------------+-----
Armour         | 2 3 |  3.0
Fighting       | 4 5 |  5.0
Axes           | 4 5 |  5.7
Dodging        | |  3.2
Stealth        | |  1.5

Action                   |  1- 3 |  4- 6 || total
-------------------------+-------+-------++-------
Melee: Hand axe          |    82 |    24 ||   106
       Headbutt          |     8 |     4 ||    12
       Punch             |     1 |       ||     1
  Use: Potion            |       |     3 ||     3
       Scroll            |       |     4 ||     4
Armor: Scale mail        |    55 |    19 ||    74
Dodge: Dodged            |    61 |    29 ||    90
